[ AOE2 MATCH · #495936629 ]
UnrankedEthiopians vs Huns
Player's team · LOSS
Rival team · WIN
[ REPLAY ANALYSIS · EXTRACTED FROM THE RECORDED GAME ]
Feudal
8:50
Castle
21:09
Imperial
—
| APM avg | 75.5 |
| APM peak | 127 |
| eAPM avg | 33.7 |
| Villagers / military | 119 / 134 |
Focus
⚔️ 54.2% · 🌾 45.8%
Archer ×101 · Knight ×12 · Mangonel ×8 · Militia ×5 · Spearman ×4 · Scout Cavalry ×3
Feudal
8:26
Castle
22:36
Imperial
38:35
| APM avg | 65.2 |
| APM peak | 113 |
| eAPM avg | 26.9 |
| Villagers / military | 142 / 111 |
Focus
⚔️ 41.9% · 🌾 58.1%
Skirmisher ×69 · Cavalry Archer ×28 · Scout Cavalry ×5 · Knight ×3 · Monk ×2 · Mangonel ×1
Match map
Initial resources + every placement click. Lines = walls · curves = elevation contours. ◆ gold · ⬟ stone · ● berries · ✦ relic · ◌ wall gap
Your base· ✓ Closed at 21:09 · 31t walls · no gate
世紀帝國不用買改名卡's base· Open — opponent sealed themselves in
Smoothed initial terrain · ◌ = detected wall gap · hover for details
Inputs per minute
— laptopGuru - - 世紀帝國不用買改名卡
Build order — laptopGuru
First 150 of 412 actions detected
| 0:00 | Queue | Villager (Male) |
| 0:00 | Queue | Villager (Male) |
| 0:02 | Build | House |
| 0:02 | Build | House |
| 0:07 | Queue | Villager (Male) |
| 0:08 | Queue | Villager (Male) |
| 1:28 | Queue | Villager (Male) |
| 1:57 | Queue | Villager (Male) |
| 2:14 | Queue | Villager (Male) |
| 2:16 | Build | Lumber Camp |
| 2:50 | Queue | Villager (Male) |
| 2:51 | Queue | Villager (Male) |
| 3:15 | Queue | Villager (Male) |
| 3:30 | Queue | Villager (Male) |
| 3:47 | Build | House |
| 4:06 | Queue | Villager (Male) |
| 4:32 | Queue | Villager (Male) |
| 4:32 | Queue | Villager (Male) |
| 4:38 | Queue | Villager (Male) |
| 5:06 | Queue | Villager (Male) |
| 5:21 | Queue | Villager (Male) |
| 5:29 | Build | Barracks |
| 5:55 | Research | Loom |
| 6:09 | Build | House |
| 6:38 | Research | Feudal Age |
| 6:38 | Research | Feudal Age |
| 6:57 | Queue | Militia |
| 7:07 | Queue | Militia |
| 7:29 | Build | Mining Camp |
| 7:31 | Queue | Militia |
| 8:06 | Queue | Villager (Male) |
| 8:39 | Build | Mill |
| 8:50 | Age | Feudal Age |
| 8:53 | Research | Man-at-Arms (upgrade) |
| 8:53 | Research | Double-Bit Axe |
| 8:54 | Research | Double-Bit Axe |
| 8:56 | Queue | Spearman |
| 8:59 | Queue | Villager (Male) |
| 8:59 | Queue | Villager (Male) |
| 9:21 | Queue | Villager (Male) |
| 9:31 | Build | Archery Range |
| 9:44 | Build | House |
| 9:56 | Queue | Villager (Male) |
| 10:10 | Queue | Spearman |
| 10:31 | Queue | Archer |
| 10:31 | Queue | Archer |
| 10:38 | Queue | Villager (Male) |
| 10:50 | Queue | Villager (Male) |
| 10:51 | Build | Farm |
| 10:52 | Build | Farm |
| 11:00 | Queue | Villager (Male) |
| 11:04 | Queue | Archer |
| 11:13 | Build | House |
| 11:31 | Queue | Spearman |
| 11:31 | Queue | Spearman |
| 11:33 | Build | Farm |
| 11:35 | Build | Farm |
| 11:43 | Build | Palisade Wall |
| 11:44 | Build | Palisade Wall |
| 11:45 | Build | Palisade Wall |
| 11:47 | Build | Palisade Wall |
| 11:57 | Build | Palisade Wall |
| 11:59 | Build | Palisade Wall |
| 12:02 | Build | Palisade Wall |
| 12:03 | Build | Palisade Wall |
| 12:04 | Build | Palisade Wall |
| 12:10 | Queue | Villager (Male) |
| 12:13 | Build | House |
| 12:14 | Build | House |
| 12:16 | Build | Palisade Wall |
| 12:18 | Build | Palisade Wall |
| 12:19 | Build | Palisade Wall |
| 12:34 | Build | Farm |
| 12:38 | Build | Farm |
| 12:38 | Build | Farm |
| 12:40 | Build | House |
| 12:44 | Queue | Archer |
| 12:44 | Queue | Villager (Male) |
| 13:02 | Queue | Archer |
| 13:13 | Queue | Villager (Male) |
| 13:24 | Build | Farm |
| 13:25 | Build | Farm |
| 13:28 | Queue | Archer |
| 13:44 | Queue | Archer |
| 13:46 | Queue | Villager (Male) |
| 13:47 | Build | Farm |
| 14:01 | Build | Blacksmith |
| 14:24 | Build | Farm |
| 14:24 | Queue | Villager (Male) |
| 14:27 | Queue | Archer |
| 14:31 | Build | House |
| 14:35 | Queue | Militia |
| 14:55 | Research | Fletching |
| 14:55 | Queue | Villager (Male) |
| 15:03 | Build | Farm |
| 15:11 | Queue | Archer |
| 15:15 | Build | Farm |
| 15:15 | Build | Farm |
| 15:20 | Queue | Militia |
| 15:20 | Queue | Villager (Male) |
| 15:36 | Queue | Villager (Male) |
| 15:53 | Queue | Villager (Male) |
| 15:55 | Build | Farm |
| 15:56 | Build | Farm |
| 16:09 | Queue | Archer |
| 16:10 | Queue | Archer |
| 16:10 | Queue | Villager (Male) |
| 16:32 | Queue | Villager (Male) |
| 16:33 | Queue | Archer |
| 16:39 | Queue | Villager (Male) |
| 16:42 | Build | Market |
| 17:03 | Queue | Villager (Male) |
| 17:26 | Build | Palisade Wall |
| 17:48 | Build | House |
| 18:15 | Build | Palisade Wall |
| 18:16 | Build | Palisade Wall |
| 18:21 | Build | Farm |
| 18:29 | Research | Castle Age |
| 18:29 | Research | Castle Age |
| 18:29 | Research | Castle Age |
| 18:37 | Build | House |
| 18:39 | Build | House |
| 18:39 | Build | Palisade Wall |
| 18:44 | Build | Palisade Wall |
| 18:44 | Build | Palisade Wall |
| 18:46 | Queue | Archer |
| 19:00 | Build | House |
| 19:06 | Queue | Archer |
| 19:16 | Research | Horse Collar |
| 19:24 | Queue | Archer |
| 19:49 | Queue | Archer |
| 19:58 | Research | Gold Mining |
| 20:33 | Build | Stable |
| 20:40 | Build | Stable |
| 20:42 | Queue | Archer |
| 20:43 | Research | Scale Barding Armor |
| 20:44 | Research | Scale Barding Armor |
| 20:44 | Queue | Villager (Male) |
| 21:09 | Age | Castle Age |
| 21:10 | Research | Crossbowman (upgrade) |
| 21:10 | Research | Crossbowman (upgrade) |
| 21:11 | Research | Bodkin Arrow |
| 21:11 | Research | Bodkin Arrow |
| 21:26 | Queue | Villager (Male) |
| 21:35 | Queue | Knight |
| 21:40 | Build | Farm |
| 21:41 | Build | Farm |
| 21:41 | Build | Farm |
| 21:41 | Build | Farm |
| 21:41 | Build | Farm |
Build order — 世紀帝國不用買改名卡
First 150 of 420 actions detected
| 0:01 | Queue | Villager (Male) |
| 0:07 | Queue | Villager (Male) |
| 0:07 | Queue | Villager (Male) |
| 0:07 | Queue | Villager (Male) |
| 0:07 | Queue | Villager (Male) |
| 1:34 | Queue | Villager (Male) |
| 1:34 | Queue | Villager (Male) |
| 1:54 | Queue | Villager (Male) |
| 1:54 | Queue | Villager (Male) |
| 2:02 | Build | Lumber Camp |
| 2:15 | Queue | Villager (Male) |
| 2:15 | Queue | Villager (Male) |
| 2:41 | Queue | Villager (Male) |
| 2:41 | Queue | Villager (Male) |
| 3:18 | Queue | Villager (Male) |
| 3:18 | Queue | Villager (Male) |
| 3:39 | Queue | Villager (Male) |
| 3:39 | Queue | Villager (Male) |
| 3:50 | Queue | Villager (Male) |
| 3:50 | Queue | Villager (Male) |
| 3:51 | Queue | Villager (Male) |
| 4:49 | Queue | Villager (Male) |
| 4:51 | Queue | Villager (Male) |
| 4:54 | Build | Mill |
| 5:16 | Research | Loom |
| 6:03 | Research | Feudal Age |
| 6:03 | Research | Feudal Age |
| 6:36 | Queue | Villager (Male) |
| 6:59 | Queue | Villager (Male) |
| 7:20 | Build | Barracks |
| 7:28 | Queue | Villager (Male) |
| 7:38 | Build | Palisade Wall |
| 7:39 | Build | Palisade Wall |
| 7:39 | Build | Palisade Wall |
| 7:40 | Build | Palisade Wall |
| 7:55 | Build | Palisade Wall |
| 8:01 | Build | Palisade Wall |
| 8:02 | Build | Palisade Wall |
| 8:06 | Build | Palisade Wall |
| 8:26 | Age | Feudal Age |
| 8:32 | Build | Stable |
| 8:37 | Queue | Villager (Male) |
| 8:40 | Research | Double-Bit Axe |
| 8:40 | Research | Double-Bit Axe |
| 8:57 | Build | Palisade Wall |
| 8:58 | Build | Palisade Wall |
| 9:00 | Build | Palisade Wall |
| 9:14 | Queue | Spearman |
| 9:26 | Queue | Scout Cavalry |
| 9:26 | Queue | Scout Cavalry |
| 9:28 | Build | Palisade Wall |
| 9:29 | Build | Palisade Wall |
| 9:31 | Build | Palisade Wall |
| 9:48 | Build | Farm |
| 9:49 | Build | Farm |
| 9:59 | Queue | Villager (Male) |
| 10:05 | Queue | Villager (Male) |
| 10:10 | Queue | Scout Cavalry |
| 10:11 | Queue | Scout Cavalry |
| 10:32 | Queue | Scout Cavalry |
| 10:38 | Build | Farm |
| 10:39 | Build | Farm |
| 10:56 | Build | Archery Range |
| 11:02 | Queue | Villager (Male) |
| 11:02 | Queue | Villager (Male) |
| 11:09 | Build | Archery Range |
| 11:23 | Build | Palisade Wall |
| 11:43 | Queue | Villager (Male) |
| 11:50 | Queue | Skirmisher |
| 11:50 | Queue | Skirmisher |
| 11:54 | Queue | Villager (Male) |
| 12:03 | Build | Farm |
| 12:07 | Build | Farm |
| 12:11 | Build | Farm |
| 12:15 | Queue | Skirmisher |
| 12:16 | Queue | Skirmisher |
| 12:16 | Queue | Skirmisher |
| 12:30 | Build | Farm |
| 12:42 | Queue | Skirmisher |
| 12:49 | Queue | Villager (Male) |
| 12:49 | Queue | Villager (Male) |
| 12:58 | Queue | Skirmisher |
| 12:58 | Queue | Skirmisher |
| 13:04 | Queue | Villager (Male) |
| 13:15 | Build | Blacksmith |
| 13:18 | Build | Blacksmith |
| 13:29 | Queue | Villager (Male) |
| 13:31 | Build | Farm |
| 13:31 | Build | Farm |
| 13:40 | Build | Farm |
| 13:45 | Build | Palisade Wall |
| 13:52 | Queue | Villager (Male) |
| 14:00 | Queue | Skirmisher |
| 14:24 | Queue | Villager (Male) |
| 14:29 | Build | Farm |
| 14:29 | Build | Farm |
| 14:33 | Build | Farm |
| 14:38 | Build | Farm |
| 14:47 | Research | Fletching |
| 14:47 | Research | Fletching |
| 14:58 | Queue | Villager (Male) |
| 14:58 | Queue | Villager (Male) |
| 15:09 | Queue | Villager (Male) |
| 15:09 | Queue | Skirmisher |
| 15:10 | Queue | Skirmisher |
| 15:14 | Build | Farm |
| 15:18 | Build | Lumber Camp |
| 15:24 | Queue | Skirmisher |
| 15:24 | Queue | Skirmisher |
| 15:37 | Queue | Skirmisher |
| 15:49 | Queue | Skirmisher |
| 15:55 | Queue | Villager (Male) |
| 15:56 | Queue | Villager (Male) |
| 15:59 | Queue | Skirmisher |
| 16:16 | Research | Padded Archer Armor |
| 16:27 | Build | Farm |
| 16:36 | Queue | Villager (Male) |
| 16:36 | Queue | Villager (Male) |
| 16:44 | Build | Farm |
| 16:48 | Queue | Skirmisher |
| 16:49 | Queue | Villager (Male) |
| 17:01 | Queue | Skirmisher |
| 17:13 | Build | Farm |
| 17:14 | Build | Farm |
| 17:44 | Queue | Villager (Male) |
| 17:49 | Build | Mining Camp |
| 17:53 | Queue | Villager (Male) |
| 18:12 | Research | Wheelbarrow |
| 18:18 | Build | Market |
| 18:25 | Build | Palisade Wall |
| 18:32 | Build | Palisade Wall |
| 18:36 | Build | Palisade Wall |
| 18:58 | Build | Farm |
| 19:23 | Build | Palisade Wall |
| 19:53 | Research | Castle Age |
| 19:54 | Research | Castle Age |
| 20:06 | Queue | Skirmisher |
| 20:06 | Queue | Skirmisher |
| 20:06 | Queue | Skirmisher |
| 20:24 | Queue | Skirmisher |
| 20:39 | Queue | Skirmisher |
| 20:43 | Build | Archery Range |
| 20:45 | Build | Palisade Wall |
| 20:52 | Research | Gold Mining |
| 20:53 | Research | Horse Collar |
| 21:14 | Queue | Villager (Male) |
| 21:30 | Queue | Skirmisher |
| 21:30 | Queue | Skirmisher |
| 21:56 | Queue | Skirmisher |
| 21:56 | Queue | Skirmisher |
Match timeline
| 5:29 | laptopGuru · first_building Barracks |
| 7:20 | 世紀帝國不用買改名卡 · first_building Barracks |
| 7:38 | 世紀帝國不用買改名卡 · wall_segment Palisade Wall x1 |
| 7:39 | 世紀帝國不用買改名卡 · wall_segment Palisade Wall x1 |
| 7:39 | 世紀帝國不用買改名卡 · wall_segment Palisade Wall x1 |
| 7:40 | 世紀帝國不用買改名卡 · wall_segment Palisade Wall x1 |
| 7:55 | 世紀帝國不用買改名卡 · wall_segment Palisade Wall x3 |
| 8:01 | 世紀帝國不用買改名卡 · wall_segment Palisade Wall x1 |
| 8:02 | 世紀帝國不用買改名卡 · wall_segment Palisade Wall x1 |
| 8:06 | 世紀帝國不用買改名卡 · wall_segment Palisade Wall x1 |
| 8:26 | 世紀帝國不用買改名卡 · age_up feudal |
| 8:32 | 世紀帝國不用買改名卡 · first_building Stable |
| 8:50 | laptopGuru · age_up feudal |
| 8:57 | 世紀帝國不用買改名卡 · wall_segment Palisade Wall x1 |
| 8:58 | 世紀帝國不用買改名卡 · wall_segment Palisade Wall x1 |
| 9:00 | 世紀帝國不用買改名卡 · wall_segment Palisade Wall x1 |
| 9:28 | 世紀帝國不用買改名卡 · wall_segment Palisade Wall x1 |
| 9:29 | 世紀帝國不用買改名卡 · wall_segment Palisade Wall x1 |
| 9:31 | 世紀帝國不用買改名卡 · wall_segment Palisade Wall x1 |
| 9:31 | laptopGuru · first_building Archery Range |
| 10:56 | 世紀帝國不用買改名卡 · first_building Archery Range |
| 11:23 | 世紀帝國不用買改名卡 · wall_segment Palisade Wall x5 |
| 11:43 | laptopGuru · wall_segment Palisade Wall x1 |
| 11:44 | laptopGuru · wall_segment Palisade Wall x1 |
| 11:45 | laptopGuru · wall_segment Palisade Wall x1 |
| 11:47 | laptopGuru · wall_segment Palisade Wall x1 |
| 11:57 | laptopGuru · wall_segment Palisade Wall x1 |
| 11:59 | laptopGuru · wall_segment Palisade Wall x1 |
| 12:02 | laptopGuru · wall_segment Palisade Wall x1 |
| 12:03 | laptopGuru · wall_segment Palisade Wall x1 |
| 12:04 | laptopGuru · wall_segment Palisade Wall x1 |
| 12:16 | laptopGuru · wall_segment Palisade Wall x1 |
| 12:18 | laptopGuru · wall_segment Palisade Wall x1 |
| 12:19 | laptopGuru · wall_segment Palisade Wall x1 |
| 13:45 | 世紀帝國不用買改名卡 · wall_segment Palisade Wall x1 |
| 17:26 | laptopGuru · wall_segment Palisade Wall x12 |
| 17:55 | laptopGuru · first_market_sell 100 stone |
| 17:56 | laptopGuru · first_market_buy 100 food |
| 18:15 | laptopGuru · wall_segment Palisade Wall x1 |
| 18:16 | laptopGuru · wall_segment Palisade Wall x3 |
| 18:25 | 世紀帝國不用買改名卡 · wall_segment Palisade Wall x5 |
| 18:32 | 世紀帝國不用買改名卡 · wall_segment Palisade Wall x4 |
| 18:36 | 世紀帝國不用買改名卡 · wall_segment Palisade Wall x7 |
| 18:39 | laptopGuru · wall_segment Palisade Wall x1 |
| 18:44 | laptopGuru · wall_segment Palisade Wall x1 |
| 18:44 | laptopGuru · wall_segment Palisade Wall x1 |
| 19:23 | 世紀帝國不用買改名卡 · wall_segment Palisade Wall x10 |
| 20:33 | laptopGuru · first_building Stable |
| 20:45 | 世紀帝國不用買改名卡 · wall_segment Palisade Wall x1 |
| 21:09 | laptopGuru · age_up castle |
| 22:36 | 世紀帝國不用買改名卡 · age_up castle |
| 28:02 | 世紀帝國不用買改名卡 · first_market_buy 100 wood |
| 28:06 | 世紀帝國不用買改名卡 · first_building Monastery |
| 29:20 | laptopGuru · first_building Siege Workshop |
| 32:51 | 世紀帝國不用買改名卡 · first_building Siege Workshop |
| 35:21 | 世紀帝國不用買改名卡 · first_market_sell 100 wood |
| 36:02 | 世紀帝國不用買改名卡 · first_building Castle |
| 38:35 | 世紀帝國不用買改名卡 · age_up imperial |
| 39:00 | laptopGuru · resign |
[ AI ANALYSIS · 1 CREDIT ]
What really happened in this match?
Wolo.gg analyzes every decision: build order, eco, micro, common mistakes by bracket. Personalized analysis on WhatsApp or Discord in 30 seconds.
Civ guide
Ethiopians
Perfil
Jugador #20830378